AoeStats
← Gabriel93

Nomad

510172379Analyzed
4v4 RM · 1d ago on Sep 29, 2026· 51m 14s· 8 players
Game mode
Random Map
Map size
231×231
Population
200
Speed
Normal
Resources
Standard
Victory
Conquest
Starting age
Dark Age
Ending age
Imperial Age
RankedLock teamsTeams togetherTeam positionsShared explorationLock speedFull tech treeHidden civsTurbo modeCheats
Victory
Defeat
🇫🇷 Tatars · France
1192
+16
🇫🇷 Maya · France
1190
+16
🇫🇷 Armenians · France
1180
+17
🇫🇷 Mapuche · France
1172
+17
🇺🇾 Magyars · Uruguay
1219
-17
🇨🇴 Hindustanis · Colombia
1210
-17
🇩🇪 Saracens · Germany
1175
-16
🇫🇷 Sicilians · France
1170
-16
math-hbcn
5:30 Loom
12:41 Feudal Age
20:16 Castle Age
22:04 Medium Warships
26:00 Town Watch
26:40 Crossbowman
27:40 Fishing Lines
29:10 Stone Mining
29:11 Gold Mining
29:15 Fletching
30:17 Bodkin Arrow
30:59 Double-Bit Axe
32:17 Wheelbarrow
31:53 Padded Archer Armor
33:37 Bow Saw
34:38 Gillnets
37:57 Imperial Age
36:07 Ballistics
37:07 Stone Shaft Mining
36:14 Horse Collar
38:04 Arbalester
38:49 Thumb Ring
39:25 Conscription
39:09 Bracer
40:13 Chemistry
40:20 Leather Archer Armor
40:19 Masonry
42:55 Hand Cart
42:42 Heavy Plow
43:44 Two-Man Saw
43:17 Ring Archer Armor
44:08 Elite Plumed Archer
45:16 Scale Mail Armor
45:26 Forging
44:40 Onager
46:36 Squires
45:56 Eagle Warrior
46:55 Chain Mail Armor
47:01 Capped Ram
48:38 Siege Ram
50:01 Plate Mail Armor
50:07 Iron Casting
51:07 Elite Eagle Warrior
melkillcam
6:58 Loom
14:39 Feudal Age
15:05 Double-Bit Axe
18:22 Fletching
21:21 Fishing Lines
23:52 Castle Age
23:09 Loom
23:44 Town Watch
24:44 Medium Warships
25:01 Bow Saw
26:27 Gillnets
26:41 Bodkin Arrow
27:10 Gold Mining
27:06 Horse Collar
28:46 Wheelbarrow
29:06 Heavy Plow
29:44 Stone Mining
31:31 Ballistics
32:57 Hand Cart
34:11 Padded Archer Armor
35:11 Gold Shaft Mining
36:14 Leather Archer Armor
40:20 Imperial Age
39:18 Squires
39:04 Gambesons
38:42 Man-at-Arms
40:13 Long Swordsman
40:41 Arson
41:39 Conscription
41:54 Scale Mail Armor
41:49 Two-Handed Swordsman
43:24 Champion
43:40 Elite Composite Bowman
46:30 Chain Mail Armor
46:16 Bracer
49:40 Chemistry
49:50 Coinage
49:30 Guilds
50:32 Plate Mail Armor
50:32 Ring Archer Armor
50:33 Fereters
Pierricles
5:43 Loom
15:04 Feudal Age
16:07 Double-Bit Axe
20:18 Fletching
21:52 Padded Archer Armor
25:58 Castle Age
24:58 Scale Barding Armor
26:27 Stone Mining
26:43 Crossbowman
33:03 Husbandry
35:52 Fishing Lines
37:15 Forging
38:36 Wheelbarrow
37:47 Town Watch
38:37 Bloodlines
39:16 Gillnets
45:58 Imperial Age
43:58 Demolition Ship
45:46 Chain Barding Armor
46:03 Heavy Camel Rider
47:34 Iron Casting
48:58 Plate Barding Armor
48:26 Horse Collar
49:25 Gold Mining
51:22 Bow Saw
52:25 Blast Furnace
HeN.Chiron
7:44 Loom
14:17 Feudal Age
15:36 Double-Bit Axe
18:19 Castle Age
16:18 Fletching
16:39 Gold Mining
17:27 Padded Archer Armor
18:19 Town Watch
19:20 Bodkin Arrow
26:26 Ballistics
38:34 Leather Archer Armor
43:13 Bow Saw
45:51 Imperial Age
45:55 Elite Bolas Rider
47:13 Elite Skirmisher
49:07 Ring Archer Armor
Kestrel
5:59 Loom
15:53 Feudal Age
18:38 Fletching
Mirshal
4:22 Loom
14:12 Feudal Age
14:57 Double-Bit Axe
14:54 Horse Collar
21:27 Castle Age
21:48 Gold Mining
21:48 Stone Mining
22:11 Scale Barding Armor
22:17 Forging
22:19 Bloodlines
22:10 Husbandry
23:32 Bow Saw
24:31 Heavy Plow
25:27 Wheelbarrow
26:48 Chain Barding Armor
27:04 Iron Casting
28:11 Hand Cart
33:05 Fletching
33:16 Padded Archer Armor
34:17 Bodkin Arrow
36:55 Imperial Age
34:43 Elite Skirmisher
37:16 Leather Archer Armor
38:15 Gold Shaft Mining
38:16 Stone Shaft Mining
37:10 Cavalier
39:05 Blast Furnace
38:41 Plate Barding Armor
39:14 Ballistics
39:50 Bracer
40:52 Chemistry
40:31 Crop Rotation
dexter
4:29 Loom
14:09 Feudal Age
14:12 Man-at-Arms
16:51 Forging
16:50 Arson
18:25 Horse Collar
22:53 Double-Bit Axe
27:52 Castle Age
27:42 Fletching
28:58 Bodkin Arrow
31:08 Iron Casting
31:13 Town Watch
32:45 Scale Mail Armor
33:51 Padded Archer Armor
34:46 Wheelbarrow
34:43 Bloodlines
36:15 Scale Barding Armor
45:04 Bow Saw
50:00 Imperial Age
47:35 Crossbowman
48:58 Leather Archer Armor
Gabriel93
5:11 Loom
14:22 Feudal Age
15:31 Double-Bit Axe
15:45 Fishing Lines
18:15 Scale Barding Armor
18:52 Bloodlines
24:10 Castle Age
22:15 Fletching
22:26 Horse Collar
23:05 Padded Archer Armor
25:40 Chain Barding Armor
27:48 Bodkin Arrow
27:51 Gold Mining
29:12 Bow Saw
29:14 Heavy Plow
29:49 Guard Tower
30:20 Ballistics
34:34 Husbandry
36:21 Thumb Ring
39:36 Imperial Age
38:31 Wheelbarrow
40:21 Hand Cart
41:12 Gold Shaft Mining
40:29 Stone Mining
41:46 Heavy Cavalry Archer
43:38 Leather Archer Armor
45:17 Parthian Tactics
45:28 Recurve Bow
45:08 Elite Skirmisher
47:03 Two-Man Saw
46:03 Cavalier
Connection lost

Rejoining the realm…

Still unreachable

The connection could not be restored.

Session expired

The server has moved on; the page needs a fresh start.